 Dungeon Crawl Stone Soup version 0.22-a0-608-g8a62e23 (webtiles) character file.

169 varam the Ruffian (level 5, -4/45 (46) HPs)
             Began as a Ghoul Monk on July 9, 2018.
             Splashed by a jelly's acid (10 damage)
             ... on level 2 of the Dungeon.
             The game lasted 00:05:17 (2211 turns).

varam the Ruffian (Ghoul Monk)                      Turns: 2211, Time: 00:05:17

HP:   -4/45 (46)    AC: -4    Str: 15    XL:     5   Next: 50%
MP:   4/4           EV: 12    Int:  6    God:
Gold: 98            SH:  0    Dex: 11    Spells: 4/4 levels left

rFire    . . .     SeeInvis .     - Unarmed
rCold    + . .     Gourm    .   (no shield)
rNeg     + + +     Faith    .   a - +0 robe
rPois    ∞         Spirit   .   (no helmet)
rElec    .         Reflect  .   (no cloak)
rCorr    .         Harm     .   i - +1 pair of gloves
MR       .....                  (no boots)
Stlth    ++........             (no amulet)
HPRegen  0.00/turn              (no ring)
MPRegen  0.09/turn              (no ring)

@: corroded, rotting
A: rotting body, claws 1, carnivore, cold resistance 1, negative energy
resistance 3, inhibited regeneration, torment resistance, unbreathing
a: no special abilities


You were on level 2 of the Dungeon.
You were not hungry.

You visited 1 branch of the dungeon, and saw 2 of its levels.

You collected 98 gold pieces.

Inventory:

Missiles
 b - 16 sling bullets
 h - 13 javelins (quivered)
Armour
 a - a +0 robe (worn)
 i - a +1 pair of gloves (worn)
Scrolls
 c - a scroll of enchant weapon {unknown}
 d - 3 scrolls of identify {unknown}
 f - a scroll of immolation {unknown}
 g - 2 scrolls of remove curse {unknown}
 j - 2 scrolls of magic mapping {unknown}
Potions
 k - a potion of ambrosia {unknown}
 m - a potion of invisibility {unknown}
Comestibles
 e - 4 rations
 l - 2 chunks of flesh


   Skills:
 + Level 4.2 Fighting
 - Level 2.6 Dodging
 + Level 3.5 Stealth
 + Level 5.4 Unarmed Combat


You had 4 spell levels left.
You didn't know any spells.
Your spell library was empty.

Dungeon Overview and Level Annotations

Branches:
Dungeon (2/15)

Altars:
Xom


Innate Abilities, Weirdness & Mutations

Your body is rotting away.
You thrive on raw meat.
You are immune to poison.
You have sharp fingernails.
You are carnivorous and can eat meat at any time.
Your flesh is cold resistant. (rC+)
You are immune to negative energy. (rN+++)
You do not regenerate when monsters are visible.
You are immune to unholy pain and torment.
You can survive without breathing.


Message History

HP restored.
You open the door. You hit the jelly but do no damage. The acid corrodes you!
Your hands burn!
You feel your flesh rotting away. The jelly hits you.
You are splashed with acid!
The acid burns!
You hit the jelly. The acid corrodes you!
Your hands burn!
The jelly is lightly wounded.
The jelly hits you.
You are splashed with acid!
The acid burns!
You completely miss the jelly.
The jelly is lightly wounded.
The jelly hits you.
You are splashed with acid!
The acid burns!
* * * LOW HITPOINT WARNING * * *
You hit the jelly but do no damage.
Your hands burn!
* * * LOW HITPOINT WARNING * * *
The jelly is lightly wounded.
The jelly misses you. The jelly hits you.
* * * LOW HITPOINT WARNING * * *
The acid corrodes you!
You are splashed with acid!
The acid burns!
You die...

#.................
#.................
#.................
#.................
##.................
#..................
#...######...######
#...+ +..##..#
#.@.###...#..#
#..J###...#..#
#...'.+._.####
#...###...#
#...###. . #...'.+
#...### #####


You could see a jelly.

Vanquished Creatures
  A jelly (D:2)
  5 adders (D:2)
  4 gnolls
  An ooze (D:1)
  A dart slug (D:1)
  2 leopard geckos (D:1)
  10 bats
  2 giant cockroaches (D:1)
  5 goblins
  4 jackals (D:2)
  6 kobolds
  A ball python (D:2)
  4 frilled lizards
  6 rats
52 creatures vanquished.

Notes
Turn   | Place    | Note
-------+----------+-------------------------------------------
     0 | D:1      | varam the Ghoul Monk began the quest for the Orb.
     0 | D:1      | Reached XP level 1. HP: 19/19 MP: 0/0
    45 | D:1      | Reached XP level 2. HP: 14/26 MP: 1/1
   198 | D:1      | Reached skill level 4 in Unarmed Combat
   348 | D:1      | Reached XP level 3. HP: 31/31 MP: 2/2
   774 | D:1      | Reached skill level 5 in Unarmed Combat
  1043 | D:2      | Reached XP level 4. HP: 16/38 MP: 3/3
  1218 | D:2      | Found a shimmering altar of Xom.
  1704 | D:2      | Reached XP level 5. HP: 41/45 MP: 4/4
  2094 | D:2      | Found a faded altar of an unknown god.
  2211 | D:2      | Splashed by a jelly's acid

Vault maps used:
D:1:      tarquinn_simple_flora_water_b
D:2:      chequers_ecumenical_altar_island, dk_xom_monty_hall

Skill      XL: |  1  2  3  4  5 |
---------------+----------------+-----
Unarmed Combat | 4 5 |  5.4
Stealth        | 3 |  3.5
Fighting       | 4 |  4.2
Dodging        | |  2.6

Action                   |  1- 3 |  4- 6 || total
-------------------------+-------+-------++-------
Melee: Unarmed           |    89 |    91 ||   180
       Punch             |     1 |     1 ||     2
Throw: Javelin           |       |     3 ||     3
 Stab: Sleeping          |     4 |     3 ||     7
  Eat: Chunk             |     4 |     7 ||    11
Armor: Robe              |     9 |    21 ||    30
Dodge: Dodged            |    56 |    65 ||   121

Table legend:
 A = Spawn XP
 B = Non-spawn XP
 C = Spawn XP percentage of total XP
 D = Spawn monster count
 E = Non-spawn monster count
 F = Spawn count percentage of total count
 G = Total turns spent on level
                    A         B        C        D         E        F      G
               +---------+---------+-------+---------+---------+-------+---------
         Total |       0 |     242 |   0.0 |       0 |      52 |   0.0 |  2211
               +---------+---------+-------+---------+---------+-------+---------
           D:1 |       0 |      96 |   0.0 |       0 |      33 |   0.0 |  1244
           D:2 |       0 |     146 |   0.0 |       0 |      19 |   0.0 |   967
               +---------+---------+-------+---------+---------+-------+---------
